 Dungeon Crawl Stone Soup version 0.28-a0-1447-ga5a8893891 (webtiles) character file.

Game seed: 367808248930526827

34010 avis the Brawler (level 13, 0/141 HPs)
             Began as a Hill Orc Transmuter on Jan 10, 2022.
             Was a High Priest of Beogh.
             Succumbed to a cane toad's poison
             ... on level 5 of the Lair of Beasts on Jan 12, 2022.
             The game lasted 02:24:18 (21804 turns).

avis the Brawler (Hill Orc Transmuter)             Turns: 21804, Time: 02:24:19

Health: 0/141      AC:  7    Str: 16    XL:     13   Next: 74%
Magic:  16/20      EV: 15    Int: 15    God:    Beogh [*****.]
Gold:   545        SH:  0    Dex: 14    Spells: 8/21 levels left

rFire   x . .      SeeInvis .     - Unarmed
rCold   + + +      Faith    .   (shield currently unavailable)
rNeg    . . .      Spirit   .   (armour currently unavailable)
rPois   +          Reflect  .   (helmet currently unavailable)
rElec   .          Harm     .   (cloak currently unavailable)
rCorr   .          Rampage  .   (gloves currently unavailable)
Will    .....                   (boots currently unavailable)
Stlth   ++........              s - amulet of magic regeneration
HPRegen 0.33/turn               m - ring of Kediac {rPois Dex+3 Slay+4 Stlth+}
MPRegen 0.57/turn               y - +4 ring of evasion

@: lethally poisoned (0 -> -17), ice-form
A: freezing attack, amphibious, boosted hp, walk on water, large
a: End Transformation, Renounce Religion, Smiting, Recall Orcish Followers, Give
Item to Named Follower


You were on level 5 of the Lair of Beasts.
You worshipped Beogh.
Beogh was extremely pleased with you.
You were a creature of crystalline ice.
You visited 3 branches of the dungeon, and saw 17 of its levels.

You collected 937 gold pieces.
You spent 392 gold pieces at shops.

Inventory:

Hand Weapons
 a - the +10 mace of the Ship (melded) {vorpal, rElec rN+ Dex+4}
   (You found it on level 7 of the Dungeon)

   It inflicts extra damage upon your enemies.
   Dex:       It affects your dexterity (+4).
   rElec:     It insulates you from electricity.
   rN:        It protects you from negative energy.
 w - a +0 scimitar of flaming
Missiles
 C - 3 throwing nets (quivered)
Armour
 t - a +0 pair of boots (melded)
 x - a +0 pair of gloves (melded)
 H - a +1 cloak (melded)
 R - a +0 buckler (melded)
 S - a +0 troll leather armour (melded)
Magical Staves
 b - a staff of poison
Jewellery
 f - a ring of ice
 m - the ring of Kediac (left front paw) {rPois Dex+3 Slay+4 Stlth+}
   (You took it off an orc on level 4 of the Dungeon)

   [ring of slaying]

   Dex:       It affects your dexterity (+3).
   Slay:      It affects your accuracy & damage with ranged weapons and melee
   (+4).
   rPois:     It protects you from poison.
   Stlth:     It makes you more stealthy.
 s - an amulet of magic regeneration (around neck)
 y - a +4 ring of evasion (right front paw)
 D - a ring of fire
Wands
 g - a wand of flame (29)
 K - a wand of iceblast (25)
 M - a wand of polymorph (3)
 Q - a wand of charming (3)
Scrolls
 j - 2 scrolls of magic mapping
 l - 10 scrolls of teleportation
 n - a scroll of acquirement {unknown}
 p - 3 scrolls of blinking
 v - 2 scrolls of fog
 J - 2 scrolls of fear
Potions
 d - 2 potions of resistance
 e - 4 potions of cancellation
 k - 3 potions of curing
 q - 4 potions of magic
 r - a potion of haste
 u - 2 potions of might
 z - 2 potions of invisibility
 A - 2 potions of ambrosia
 E - 2 potions of brilliance
 F - a potion of berserk rage
 G - 2 potions of lignification
 P - a potion of flight
Miscellaneous
 T - a lightning rod (4/4)


   Skills:
 - Level 12.0 Fighting
 - Level 5.0 Armour
 - Level 5.0 Dodging
 - Level 4.0 Shields
 - Level 15.0 Unarmed Combat
 * Level 4.9 Spellcasting
 - Level 4.0 Transmutations
 - Level 6.0 Ice Magic
 - Level 2.0 Poison Magic
 - Level 10.0 Invocations
 - Level 5.0 Evocations


You had 8 spell levels left.
You knew the following spells:

 Your Spells              Type           Power      Damage    Failure   Level
a - Beastly Appendage     Tmut           30%        N/A       3%          1
e - Wereblood             Tmut           15%        N/A       4%          2
o - Ozocubu's Armour      Ice            21%        N/A       4%          3
p - Spider Form           Tmut/Pois      12%        N/A       14%         3
q - Ice Form              Ice/Tmut       18%        N/A       22%         4

Your spell library contained the following spells:

 Spells                   Type           Power      Damage    Failure   Level
 Ensorcelled Hibernation  Hex/Ice        24%        N/A       8%          2
 Animate Skeleton         Necr           6%         N/A       17%         1
 Apportation              Tloc           6%         N/A       17%         1
 Magic Dart               Conj           12%        1d3       17%         1
 Summon Small Mammal      Summ           12%        N/A       17%         1
 Call Imp                 Summ           3%         N/A       26%         2
 Mephitic Cloud           Conj/Pois/Air  5%         N/A       36%         3
 Hailstorm                Conj/Ice       12%        3d5       43%         4
 Call Canine Familiar     Summ           3%         N/A       45%         3
 Portal Projectile        Hex/Tloc       6%         N/A       45%         3
 Leda's Liquefaction      Hex/Erth       1%         N/A       86%         4
 Summon Forest            Summ/Tloc      1%         N/A       99%         5
 Summon Mana Viper        Hex/Summ       3%         N/A       99%         5
 Simulacrum               Ice/Necr       6%         N/A       100%        6
 Summon Cactus Giant      Summ           1%         N/A       100%        6
 Ozocubu's Refrigeration  Ice            10%        4d7       100%        7


Dungeon Overview and Level Annotations

Branches:
Dungeon (11/15)            Temple (1/1) D:4            Lair (5/6) D:10
  Swamp (0/4) Lair:2       Spider (0/4) Lair:2          Orc (0/2) D:11
  Slime: Lair:5-6

Altars:
Zin

Shops:
D:7 (   D:10 ?


Message History

You pummel the dream sheep!! You freeze the dream sheep!
You kill the dream sheep!
Beogh accepts your kill. The black mamba closely misses you.
Aiming: Smiting
Press: ? - help, Dir - move target, f - dream sheep Smite: a dream sheep You smite the dream sheep!!
The dream sheep is almost dead.
The black mamba barely misses you. The cane toad stings you!
* * * LOW HITPOINT WARNING * * *
The dream sheep ruffle their wool and motes of dream dust sparkle, to no effect.
The black mamba closely misses you.
Aiming: Smiting
Press: ? - help, Dir - move target, f - dream sheep, p - dream sheep Smite: a dream sheep You smite the dream sheep!!
You kill the dream sheep!
Beogh accepts your kill.
The black mamba bites you but does no damage.
The cane toad barely misses you.
The black mamba bites you but does no damage.
The cane toad stings you!
* * * LOW HITPOINT WARNING * * *
The dream sheep ruffle their wool and motes of dream dust sparkle, to no effect.
You feel better.
The black mamba bites you but does no damage.
Something hits the dream sheep!
The dream sheep dies!
Beogh accepts your kill.
The dream sheep shake their wool and sparkle.
You feel drowsy...
You fall asleep.
The cane toad stings you.
You wake up.
* * * LOW HITPOINT WARNING * * *
You are lethally poisoned!
The cane toad poisons you! The black mamba barely misses you.
Blink to where?
Press: ? - help, Dir - move target
As you read the scroll of blinking, it crumbles to dust.
You die...

#.....####. #...
###..<.......
.........$..#.....
..................
#....P.#...$.#.. .
#.....#.....## ...
#...#.#......#. .# .
#.###........#.....
..###....#Y............
.......................
.......................
........<..............
.##..P.###†..o†Y....#..
#.##. #...h#PF...... #
#. ##..YY#§...P... ..
#....YS#.......
.........Y#....#..


You could see a polar bear, a black mamba, a cane toad, 4 dream sheep and a
friendly orc knight.

Vanquished Creatures
  Harold (D:8)
  6 hydras
  Fannar (D:11)
  A two-headed ogre (D:11)
  2 death yaks (Lair:4)
  2 elephants
  2 black mambas
  2 gargoyles
  9 cane toads
  Maggie (D:8)
  7 komodo dragons
  2 rime drakes
  A burning bush (Lair:2)
  4 trolls
  A hornet (Lair:4)
  2 dream sheep (Lair:5)
  3 blink frogs
  A hog (Lair:3)
  22 yaks
  A basilisk (D:8)
  A wyvern (Lair:3)
  A steam dragon (Lair:2)
  3 swamp worms (Lair:2)
  12 water moccasins
  Duvessa (D:6)
  An ice beast (D:6)
  2 orc warriors
  A sky beast (D:5)
  A black bear (D:6)
  A necrophage (D:5)
  4 ogres
  5 centaurs
  17 wolves
  2 phantoms (D:6)
  4 kobold brigands
  9 bullfrogs
  A water moccasin zombie (D:5)
  A gnoll sergeant (D:9)
  A scorpion (D:6)
  Dowan (D:6)
  9 killer bees (D:8)
  5 electric eels
  2 howler monkeys (D:11)
  2 centaur zombies
  A bullfrog zombie (D:7)
  4 orc priests
  3 hounds
  2 centaur skeletons
  Crazy Yiuf (D:6)
  4 iguanas
  5 orc wizards
  9 gnolls
  3 adders
  4 white imps
  An adder skeleton (D:3)
  3 worms
  A dart slug (D:1)
  24 orcs
  4 endoplasms
  4 giant cockroaches
  2 goblins
  4 hobgoblins
  3 jackals (D:4)
  2 quokkas
  5 ball pythons
  2 bats
  A jackal skeleton (D:3)
  20 kobolds
  4 rats (D:1)
  2 butterflies (Lair:1)
276 creatures vanquished.

Vanquished Creatures (collateral kills)
  Kirke (Lair:3)
  2 boulder beetles
  3 hydras
  2 death yaks (Lair:4)
  2 elephants (Lair:5)
  2 cane toads
  A rime drake (Lair:4)
  2 komodo dragons
  A polar bear (Lair:3)
  4 blink frogs
  A dream sheep (Lair:5)
  2 wyverns (Lair:2)
  12 yaks
  2 basilisks
  2 water moccasins (Lair:3)
  3 orc warriors (D:11)
  An ogre (D:11)
  4 wolves
  A bullfrog (Lair:4)
  2 gnoll sergeants (D:11)
  2 hounds (D:10)
  An orc priest (D:10)
  An iguana (Lair:2)
  A gnoll (D:11)
  An orc (D:11)
56 creatures vanquished.

Vanquished Creatures (others)
  An orc priest (Lair:2)
  2 orc warriors
  2 humans (Lair:4)
  A gnoll (D:9)
  8 orcs
  A ball python (D:3)
  27 fungi
  43 plants
  3 withered plants (D:3)
88 creatures vanquished.

Grand Total: 420 creatures vanquished

Notes
Turn   | Place    | Note
-------+----------+-------------------------------------------
     0 | D:1      | avis the Hill Orc Transmuter began the quest for the Orb.
     0 | D:1      | Reached XP level 1. HP: 16/16 MP: 3/3
   346 | D:1      | Reached XP level 2. HP: 20/25 MP: 2/4
  1311 | D:2      | Reached XP level 3. HP: 28/31 MP: 3/5
  1339 | D:2      | Learned a level 3 spell: Spider Form
  1931 | D:3      | Became a worshipper of Beogh the Brigand
  2364 | D:3      | Reached skill level 4 in Unarmed Combat
  2726 | D:3      | Reached skill level 1 in Invocations
  2810 | D:4      | Found a staircase to the Ecumenical Temple.
  2859 | Temple   | Entered the Ecumenical Temple
  2906 | D:4      | Reached XP level 4. HP: 35/38 MP: 6/6
  2984 | D:4      | Identified the ring of Kediac {rPois Dex+3 Slay+4 Stlth+}
  4015 | D:5      | Entered Level 5 of the Dungeon
  4020 | D:5      | Reached skill level 5 in Unarmed Combat
  4128 | D:5      | Reached XP level 5. HP: 40/45 MP: 7/7
  4202 | D:5      | Noticed a sky beast
  4219 | D:5      | Killed a sky beast
  4220 | D:5      | Reached XP level 6. HP: 51/51 MP: 7/9
  4695 | D:5      | Noticed a necrophage
  4707 | D:5      | Killed a necrophage
  5146 | D:5      | Upgraded the game from 0.28-a0-1435-g82390b3a13 to
                  | 0.28-a0-1447-ga5a8893891
  5161 | D:5      | Learned a level 4 spell: Ice Form
  5214 | D:6      | Noticed a water moccasin
  5229 | D:5      | Killed a water moccasin
  5230 | D:5      | Reached skill level 6 in Unarmed Combat
  5230 | D:5      | Reached XP level 7. HP: 22/59 MP: 10/10
  5455 | D:6      | Noticed Dowan
  5724 | D:6      | Noticed Duvessa
  5732 | D:6      | Killed Duvessa
  5733 | D:6      | Reached XP level 8. HP: 26/66 MP: 7/12
  5736 | D:6      | Killed Dowan
  5737 | D:6      | Reached skill level 7 in Unarmed Combat
  6111 | D:6      | Reached * piety under Beogh
  6306 | D:6      | Reached skill level 5 in Fighting
  6631 | D:6      | Found a runed translucent door.
  6633 | D:6      | Noticed Crazy Yiuf
  6641 | D:6      | Killed Crazy Yiuf
  6825 | D:6      | Reached skill level 8 in Unarmed Combat
  7254 | D:7      | Found Heud's Weapon Emporium.
  7465 | D:6      | Reached XP level 9. HP: 62/75 MP: 13/13
  7538 | D:7      | Reached skill level 9 in Unarmed Combat
  7930 | D:7      | Identified the +10 mace of the Ship {vorpal, rElec rN+
                  | Dex+4}
  8967 | D:8      | Noticed Maggie
  8988 | D:8      | Killed Maggie
  8989 | D:8      | Reached skill level 1 in Ice Magic
  8998 | D:8      | Reached ** piety under Beogh
  9139 | D:8      | Reached XP level 10. HP: 78/86 MP: 16/16
  9178 | D:8      | Noticed Harold
  9277 | D:8      | Reached skill level 10 in Unarmed Combat
  9313 | D:8      | Killed Harold
  9901 | D:8      | Reached skill level 11 in Unarmed Combat
 10004 | D:8      | Identified the +5 spear of the Dungeon {freeze, Fly Str+4}
 10178 | Temple   | Learned a level 3 spell: Ozocubu's Armour
 11656 | D:10     | Entered Level 10 of the Dungeon
 11656 | D:10     | Noticed a gargoyle
 12069 | D:9      | Killed a gargoyle
 12327 | D:10     | Reached *** piety under Beogh
 12558 | D:10     | Identified the +1 leather armour "Xecruh Mudol" {rElec rF-
                  | Will+++ rCorr}
 12605 | D:10     | Reached skill level 5 in Dodging
 12605 | D:10     | Found a staircase to the Lair.
 12895 | D:10     | Noticed a gargoyle
 12903 | D:10     | Killed a gargoyle
 13104 | D:10     | Found a glowing silver altar of Zin.
 13218 | D:10     | Identified the +7 rapier of Anguish {holy, rPois rC- Int+6
                  | Stlth+}
 13339 | D:10     | Found Wonen's Magic Scroll Shoppe.
 13347 | D:10     | Bought a scroll of enchant weapon for 105 gold pieces
 13347 | D:10     | Bought a scroll of identify for 28 gold pieces
 13347 | D:10     | Bought a scroll of blinking for 105 gold pieces
 13347 | D:10     | Bought a scroll of blinking for 105 gold pieces
 13347 | D:10     | Bought a scroll of amnesia for 49 gold pieces
 13727 | Lair:1   | Entered Level 1 of the Lair of Beasts
 13727 | Lair:1   | Noticed a cane toad
 13735 | Lair:1   | Killed a cane toad
 13736 | Lair:1   | Reached XP level 11. HP: 96/97 MP: 14/17
 13832 | Lair:1   | Noticed a boulder beetle
 13836 | Lair:1   | Noticed an eight-headed hydra
 13842 | Lair:1   | Killed a boulder beetle
 13843 | Lair:1   | Reached skill level 12 in Unarmed Combat
 13844 | Lair:1   | Killed an eight-headed hydra
 14135 | Lair:1   | Reached skill level 13 in Unarmed Combat
 14322 | Lair:1   | Noticed a seven-headed hydra
 14327 | Lair:1   | Killed a seven-headed hydra
 14334 | Lair:1   | Reached skill level 10 in Fighting
 14489 | Lair:1   | Reached skill level 1 in Armour
 14996 | Lair:2   | Gained Beowulf as an ally
 15381 | Lair:2   | Noticed a boulder beetle
 15384 | Lair:2   | Noticed an eight-headed hydra
 15392 | Lair:2   | Reached skill level 5 in Armour
 15401 | Lair:2   | Killed an eight-headed hydra
 15407 | Lair:2   | Killed a boulder beetle
 15408 | Lair:2   | Reached XP level 12. HP: 71/106 MP: 16/18
 15684 | Lair:2   | Reached skill level 14 in Unarmed Combat
 15808 | Lair:2   | Found a hole to the Spider Nest.
 15855 | Lair:2   | Reached **** piety under Beogh
 16051 | Lair:2   | Reached skill level 15 in Unarmed Combat
 16116 | Lair:2   | Noticed an eight-headed hydra
 16124 | Lair:2   | Killed an eight-headed hydra
 16284 | Lair:2   | Noticed a five-headed hydra
 16291 | Lair:2   | Killed a five-headed hydra
 16292 | Lair:2   | Reached skill level 5 in Ice Magic
 16292 | Lair:2   | Found a staircase to the Swamp.
 17301 | Lair:3   | Noticed an eight-headed hydra
 17310 | Lair:3   | Killed an eight-headed hydra
 17311 | Lair:3   | Reached skill level 5 in Invocations
 17539 | Lair:3   | Noticed an eight-headed hydra
 17547 | Lair:3   | Killed an eight-headed hydra
 17548 | Lair:3   | Reached skill level 1 in Evocations
 17867 | Lair:3   | Noticed a four-headed hydra
 17876 | Lair:3   | Killed a four-headed hydra
 18275 | Lair:3   | Reached skill level 5 in Evocations
 18364 | Lair:3   | Reached XP level 13. HP: 113/113 MP: 19/19
 18824 | D:11     | Noticed Fannar
 18844 | D:11     | Killed Fannar
 19427 | D:11     | Found a staircase to the Orcish Mines.
 19443 | D:11     | Reached ***** piety under Beogh
 19453 | D:11     | Gained Jorge as an ally
 19976 | Lair:4   | Noticed Kirke
 20120 | Lair:3   | Killed Kirke
 20621 | Lair:4   | Gained Okrist as an ally
 21332 | Lair:1   | Learned a level 2 spell: Wereblood
 21658 | Lair:4   | Reached skill level 10 in Invocations
 21802 | Lair:5   | HP: 3/141 [cane toad (13)]
 21804 | Lair:5   | Succumbed to a cane toad's poison

Illustrated notes

Levels and vault maps discovered:
D:1:      heliophobic_arrival_battle_scene, layout_rooms
D:2:      layout_basic, dk_noncrumbling_4
D:3:      layout_loops_cross, serial_undead, serial_undead_a, serial_undead_d,
          serial_undead_f, serial_undead_f
D:4:      layout_rooms, temple_statues
D:5:      layout_basic
D:6:      layout_cave_pods, uniq_duvessa, uniq_crazy_yiuf_cottage
D:7:      layout_basic, serial_shops, nicolae_diamond_shop
D:8:      layout_basic, uniq_harold, uniq_maggie
D:9:      layout_basic, minmay_holes
D:10:     layout_irregular_city, mainiacjoe_overflow_surrounded_room,
          erik_lair_island, serial_shops, shop, chequers_big_river,
          chequers_serial_rivers_micro_e
D:11:     layout_stronghold, kennysheep_orc_monster_closet_entryway, uniq_fannar
Temple:   mainiacjoe_temple_archimedes_tessellation
Lair:1:   layout_loops_ring, nzn_sisyphean_effort, infiniplex_staircase_pool,
          grunt_megastairs_3, serial_bayou_shore_b, serial_bayou_shore_a,
          lemuel_fruit_fields
Lair:2:   nzn_winding_woodlands_cross [nzn_winding_woodlands_5x15_split_checker,
          nzn_winding_woodlands_5x15_lazy_stream,
          nzn_winding_woodlands_5x15_twine, nzn_winding_woodlands_5x15_jagged,
          nzn_winding_woodlands_15x15_five_gardens], layout_regular_city,
          palyth_hydra_swamp_entry, dummy_spider_entry, evilmike_ambush
          [evilmike_ambush_outer_basic, evilmike_ambush_inner_basic],
          grunt_megastairs_5, serial_bayou_shore_b
Lair:3:   layout_hall_layers, beast_lair_carwin_10, serial_bayou_shore_b
Lair:4:   layout_gridlike, fungi_pond_lemuel, lemuel_fruit_tree, uniq_kirke
Lair:5:   layout_regular_city, dpeg_slime_entry_corner

Skill      XL: |  1  2  3  4  5  6  7  8  9 10 11 12 13 |
---------------+----------------------------------------+-----
Fighting       | 2 3 4 6 7 9 10 12 | 12.0
Unarmed Combat | 4 5 6 8 9 11 13 15 | 15.0
Invocations    | 1 2 4 7 10 | 10.0
Poison Magic   | 2 |  2.0
Transmutations | 2 3 4 |  4.0
Spellcasting   | 2 3 4 |  4.9
Dodging        | 2 3 5 |  5.0
Ice Magic      | 4 6 |  6.0
Armour         | 5 |  5.0
Evocations     | 5 |  5.0
Shields        | 4 |  4.0

Action                   |  1- 3 |  4- 6 |  7- 9 | 10-12 | 13-15 || total
-------------------------+-------+-------+-------+-------+-------++-------
Melee: Unarmed           |   108 |    90 |   197 |   290 |   114 ||   799
       Kick              |    26 |    11 |     3 |     1 |     1 ||    42
       Headbutt          |    10 |     3 |     1 |     1 |     1 ||    16
       Punch             |     1 |     1 |       |     4 |       ||     6
       Mace              |       |       |       |    29 |     4 ||    33
 Cast: Beastly Appendage |    33 |    11 |     2 |     1 |     1 ||    48
       Spider Form       |       |    11 |    30 |    11 |     5 ||    57
       Ice Form          |       |       |       |    50 |    16 ||    66
       Ozocubu's Armour  |       |       |       |    22 |     9 ||    31
Invok: Convert to Beogh  |     1 |       |       |       |       ||     1
       Smiting           |       |       |       |     2 |     2 ||     4
       Recall Orcish Fol |       |       |       |     2 |     4 ||     6
       Give Item to Name |       |       |       |       |     3 ||     3
       Stop Recall       |       |       |       |       |     2 ||     2
  Use: Potion            |       |     2 |     4 |     2 |     6 ||    14
       Scroll            |       |       |    15 |     7 |     3 ||    25
 Stab: Sleeping          |     1 |     2 |     4 |     2 |     2 ||    11
       Distracted        |       |       |       |     3 |     2 ||     5
Armor: Leather armour    |    11 |    10 |       |       |       ||    21
       Scale mail        |    17 |       |       |       |       ||    17
       Skin              |       |     1 |     9 |    69 |    29 ||   108
       Steam dragon scal |       |       |       |     1 |     3 ||     4
       Troll leather arm |       |       |       |       |     3 ||     3
Dodge: Dodged            |    40 |    36 |   219 |   254 |   129 ||   678

Table legend: (Time is in decaauts)
 A = Elapsed time spent in this place.
 B = Non-inter-level travel time spent in this place.
 C = Inter-level travel time spent in this place.
 D = Time resting spent in this place.
 E = Time spent auto-exploring this place.
 F = Levels seen in this place.
 G = Mean time per level.
                   A        B        C        D        E       F      G
               +--------+--------+--------+--------+--------+-----+--------+
         Total |  21724 |  19723 |   2001 |   7162 |   7771 |  17 | 1277.9 |
       Dungeon |  14940 |  13550 |   1390 |   5276 |   5202 |  11 | 1358.2 |
        Temple |     92 |     89 |      3 |     28 |      0 |   1 |   92.0 |
          Lair |   6691 |   6083 |    608 |   1858 |   2569 |   5 | 1338.2 |
               +--------+--------+--------+--------+--------+-----+--------+

Top non-repeatable levels by time:
     D:8: 2031 daAuts
     D:5: 2025 daAuts
  Lair:2: 1919 daAuts
  Lair:1: 1750 daAuts
     D:6: 1743 daAuts
    D:10: 1713 daAuts
  Lair:3: 1669 daAuts
     D:9: 1420 daAuts
  Lair:4: 1319 daAuts
     D:3: 1241 daAuts
     D:4: 1069 daAuts
    D:11: 1027 daAuts
     D:2: 1023 daAuts
     D:1: 883 daAuts
     D:7: 760 daAuts
